 Dungeon Crawl Stone Soup version 0.30.0-5-g1a98f26d00 (webtiles) character file.

Game seed: 17773697230474676588

1367 Tyszek the Cleaver (level 8, -3/70 HPs)
             Began as a Minotaur Fighter on May 12, 2023.
             Slain by an ice beast (8 damage)
             ... on level 6 of the Dungeon.
             The game lasted 00:06:00 (4753 turns).

Tyszek the Cleaver (Minotaur Fighter)               Turns: 4753, Time: 00:06:01

Health: -3/70      AC:  9    Str: 23    XL:     8   Next: 38%
Magic:  7/7        EV:  6    Int:  5    God:
Gold:   455        SH:  5    Dex: 16    Spells: 7/7 levels left

rFire   . . .        a - +1 war axe
rCold   . . .        c - +0 buckler
rNeg    . . .        u - +0 plate armour
rPois   .            (helmet restricted)
rElec   .            (no cloak)
rCorr   .            (no gloves)
SInv    .            r - +0 pair of boots
Will    .....        n - amulet of the acrobat Stlth
                     l - +6 ring of dexterity
HPRegen 0.31/turn    (no ring)
MPRegen 0.10/turn

%: acrobat
@: corroded
A: horns 2, retaliatory headbutt
a: no special abilities


You were on level 6 of the Dungeon.
You visited 1 branch of the dungeon, and saw 6 of its levels.
You also visited: Ossuary.

You collected 455 gold pieces.

Inventory:

Hand Weapons
 a - a +1 war axe (weapon)
Armour
 b - a +0 scale mail
 c - a +0 buckler (worn)
 r - a +0 pair of boots (worn)
 u - a +0 plate armour (worn)
 v - a +3 leather armour of willpower
Jewellery
 l - a +6 ring of dexterity (left hand)
 n - an amulet of the acrobat (around neck)
 s - an amulet of guardian spirit
Wands
 i - a wand of flame (17)
Scrolls
 e - 4 scrolls of teleportation
 g - 3 scrolls of identify
 h - a scroll of fog
 j - 5 scrolls of poison
 o - a scroll of noise
 q - 3 scrolls of blinking
 t - a scroll of enchant weapon
Potions
 d - 2 potions of might
 f - a potion of ambrosia
 k - 4 potions of curing
 m - 2 potions of cancellation
 p - 3 potions of lignification
 w - 2 potions of heal wounds {unknown}
 z - 4 potions of brilliance {unknown}
 A - a potion of degeneration {unknown}


   Skills:
 * Level 5.8 Fighting
 * Level 10.2 Axes
 + Level 5.9 Armour
 + Level 0.8 Dodging
 + Level 4.6 Shields


You had 7 spell levels left.
You didn't know any spells.
Your spell library contained the following spells:

 Spells                   Type           Power      Damage    Failure   Level
 Vhi's Electric Charge    Tloc/Air       0%         N/A       100%        3
 Arcjolt                  Conj/Air       0%         1d10      100%        5
 Maxwell's Capacitive Co  Air            0%         ∞         100%        8


Dungeon Overview and Level Annotations

Branches:
Dungeon (6/15)            Ossuary (visited)
 Temple: D:4-7

Altars:
Hepliaklqana
Qazlal
Sif Muna
Xom
Yredelemnul

Shops:
D:5 *


Innate Abilities, Weirdness & Mutations

You have a pair of horns on your head.
You reflexively headbutt those who attack you in melee.


Message History

You are too injured to fight recklessly!
You barely miss the ice beast.
The ice beast is heavily wounded.
You hit the jelly but do no damage.
Your hands burn!
You block the ice beast's attack. The jelly closely misses you.
You hit the ice beast but do no damage.
The ice beast is moderately wounded.
You slash the jelly!
Your hands burn!
The ice beast hits you but does no damage.
The jelly hits you but does no damage.
You hit the ice beast but do no damage.
The ice beast is moderately wounded.
You hit the jelly.
You kill the jelly!
The ice beast hits you.
* * * LOW HITPOINT WARNING * * *
The ice beast freezes you!
* * * LOW HITPOINT WARNING * * *
You hit the ice beast.
You headbutt the ice beast, but do no damage.
The ice beast is severely wounded.
The ice beast barely misses you.
You hit the ice beast but do no damage.
The ice beast is severely wounded.
The ice beast hits you.
* * * LOW HITPOINT WARNING * * *
The ice beast freezes you!
* * * LOW HITPOINT WARNING * * *
You hit the ice beast.
The ice beast is severely wounded.
You block the ice beast's attack.
You closely miss the ice beast. Your headbutt misses the ice beast.
The ice beast is severely wounded.
The ice beast hits you but does no damage.
You closely miss the ice beast.
The ice beast is severely wounded.
The ice beast hits you.
* * * LOW HITPOINT WARNING * * *
The ice beast freezes you!
You die...

.... ... #.. #
.###..###+###.##
..?............#
...............#
....!..........#
.....<†@.......#
......Y<.......#
..###..##.##..##
### .# .# .. ...
.... .....


You could see an ice beast.

Vanquished Creatures
  Eustachio (D:5)
  Menkaure (D:5)
  A black bear (D:6)
  2 ogres (D:5)
  A wyvern zombie (D:5)
  4 howler monkeys
  2 bullfrog zombies (D:5)
  A centaur zombie (D:5)
  2 jellies
  An orc priest (D:5)
  2 hounds
  2 sleepcaps
  A scorpion zombie (D:5)
  An orc wizard (D:4)
  A killer bee zombie (D:5)
  8 mummies (Ossuary)
  A gnoll (D:1)
  3 adders
  2 ufetubi (D:5)
  3 worms
  A dart slug (D:1)
  10 orcs
  7 ball pythons
  8 endoplasms
  8 giant cockroaches
  4 goblins
  5 hobgoblins
  4 jackals
  2 quokkas
  4 bats (D:2)
  3 frilled lizards (D:1)
  2 gnoll zombies
  3 hobgoblin zombies (Ossuary)
  5 kobolds
  A kobold zombie (Ossuary)
  4 orc zombies
  5 rats
  A rat zombie (D:4)
117 creatures vanquished.

Notes
Turn   | Place    | Note
-------+----------+-------------------------------------------
     0 | D:1      | Tyszek the Minotaur Fighter began the quest for the Orb.
     0 | D:1      | Reached XP level 1. HP: 19/19 MP: 0/0
   336 | D:1      | Reached XP level 2. HP: 27/27 MP: 1/1
   624 | D:1      | Reached XP level 3. HP: 24/33 MP: 2/2
   934 | D:2      | Reached skill level 3 in Axes
  1397 | D:2      | Reached XP level 4. HP: 41/41 MP: 3/3
  1800 | D:3      | Reached skill level 4 in Axes
  2155 | D:4      | Reached XP level 5. HP: 47/47 MP: 4/4
  2173 | D:4      | Found a sand-covered staircase.
  2181 | Ossuary  | Entered an ossuary
  2199 | Ossuary  | Reached skill level 5 in Axes
  2206 | Ossuary  | HP: 2/47 [mummy (6)]
  2624 | D:4      | Reached skill level 6 in Axes
  2624 | D:4      | Reached XP level 6. HP: 35/55 MP: 5/5
  3151 | D:5      | Entered Level 5 of the Dungeon
  3158 | D:5      | Reached skill level 5 in Fighting
  3167 | D:5      | Reached skill level 5 in Armour
  3172 | D:5      | Reached skill level 7 in Axes
  3177 | D:5      | Reached XP level 7. HP: 37/61 MP: 6/6
  3393 | D:5      | Found a stormy altar of Qazlal.
  3396 | D:5      | Found a hazy altar of Hepliaklqana.
  3400 | D:5      | Found a shimmering altar of Xom.
  3428 | D:5      | Found a shimmering blue altar of Sif Muna.
  3496 | D:5      | Noticed Menkaure
  3502 | D:5      | Killed Menkaure
  3678 | D:5      | Found Qeal's Assorted Antiques.
  3728 | D:5      | Reached skill level 8 in Axes
  3856 | D:5      | Found a basalt altar of Yredelemnul.
  4089 | D:5      | Noticed Eustachio
  4121 | D:5      | Killed Eustachio
  4165 | D:5      | Reached skill level 9 in Axes
  4165 | D:5      | Reached XP level 8. HP: 57/69 MP: 7/7
  4746 | D:6      | Reached skill level 10 in Axes
  4753 | D:6      | Slain by an ice beast

Illustrated notes

Levels and vault maps discovered:
D:1:      evilmike_arrival_rings, layout_basic
D:2:      layout_rooms
D:3:      layout_loops_ring, minmay_misc_feat_doors
D:4:      layout_gridville, enter_ossuary_3, minmay_misc_feat_ornament
D:5:      layout_basic, nicolae_yredelemnul_corpse_copse,
          grunt_temple_overflow_diamond, lemuel_crystal_altar, serial_shops,
          nicolae_shop_behind_doors, uniq_eustachio, uniq_menkaure
D:6:      layout_gridville, marbit_many_paths, cheibrodos_sewer_entry_drain

Skill      XL: |  1  2  3  4  5  6  7  8 |
---------------+-------------------------+-----
Fighting       | 4 5 |  5.8
Axes           | 3 4 6 7 9 10 | 10.2
Armour         | 4 5 |  5.9
Shields        | 4 |  4.6
Dodging        | |  0.8

Action                     |  1- 3 |  4- 6 |  7- 9 || total
---------------------------+-------+-------+-------++-------
  Melee: War axe           |    61 |   110 |   103 ||   274
         Headbutt          |    11 |    22 |    19 ||    52
    Use: Potion            |       |     1 |       ||     1
         Scroll            |       |       |    13 ||    13
 Armour: Scale mail        |    24 |     5 |       ||    29
         Plate armour      |       |    53 |    68 ||   121
  Dodge: Dodged            |    30 |    40 |    33 ||   103
  Block: Buckler           |    16 |    34 |    31 ||    81
